 Dungeon Crawl Stone Soup version 0.24-a0-434-gd57e52fea8 (webtiles) character file.

Game seed: 1066862255708475308

37 mhoghedin the Ogre Mage (level 3, 0/31 HPs)
             Began as an Ogre Wizard on June 16, 2019.
             Succumbed to a hobgoblin's poison
             ... on level 2 of the Dungeon.
             The game lasted 00:02:54 (1250 turns).

mhoghedin the Ogre Mage (Ogre Wizard)               Turns: 1250, Time: 00:02:55

Health: 0/31       AC:  4    Str: 11    XL:     3   Next: 41%
Magic:  2/8        EV: 10    Int: 20    God:
Gold:   17         SH:  0    Dex:  7    Spells: 5/10 levels left

rFire    . . .     SeeInvis +   c - +0 whip
rCold    . . .     Gourm    .   (no shield)
rNeg     . . .     Faith    .   a - +0 robe
rPois    .         Spirit   .   b - +0 hat
rElec    .         Reflect  .   j - +0 cloak
rCorr    .         Harm     .   (gloves unavailable)
MR       .....                  (boots unavailable)
Stlth    +.........             (no amulet)
HPRegen  0.10/turn              h - ring of see invisible {sInv, !d}
MPRegen  0.11/turn              (no ring)

@: lethally poisoned (0 -> -27)
A: large, unfitting armour, tough skin 1
a: no special abilities


You were on level 2 of the Dungeon.
You were not hungry.

You visited 1 branch of the dungeon, and saw 2 of its levels.

You collected 17 gold pieces.

Inventory:

Hand Weapons
 c - a +0 whip (weapon)
   (You found it on level 1 of the Dungeon)
Armour
 a - a +0 robe (worn)
 b - a +0 hat (worn)
 j - a +0 cloak (worn)
   (You found it on level 1 of the Dungeon)
Jewellery
 h - a ring of see invisible (left hand) {sInv, !d}
   (You found it on level 1 of the Dungeon)
Scrolls
 i - a scroll of remove curse
Potions
 f - a potion of berserk rage {!q}
Comestibles
 d - 4 rations


   Skills:
 - Level 1.7 Dodging
 - Level 1.4 Stealth
 + Level 4.4 Spellcasting
 + Level 2.1 Conjurations
 - Level 0.8 Summonings
 - Level 0.8 Translocations


You had 5 spell levels left.
You knew the following spells:

 Your Spells              Type           Power        Failure   Level  Hunger
a - Magic Dart            Conj           ##..         5%          1    None
b - Blink                 Tloc           N/A          13%         2    #......
c - Call Imp              Summ           #.......     13%         2    #......

Your spell library contained the following spells:

 Spells                   Type           Power        Failure   Level  Hunger
 Slow                     Hex            #.......     19%         2    #......
 Conjure Flame            Conj/Fire      #.......     24%         3    ###....
 Mephitic Cloud           Conj/Pois/Air  #.......     28%         3    ###....


Dungeon Overview and Level Annotations

Branches:
Dungeon (2/15)

Altars:


Innate Abilities, Weirdness & Mutations

You are too large for most types of armour.
You have tough skin. (AC +1)


Message History

Aim: a leopard gecko (heavily wounded)
The magic dart hits the leopard gecko.
You kill the leopard gecko!
You hear a shout!
A bat comes into view.
You hear an angry hiss.
You now have 6/8 mp.
Aim: a bat The magic dart hits the bat.
You kill the bat!
You now have 5/8 mp.
You can't see any susceptible monsters within range! (Use Z to cast anyway.) 2 hobgoblins and a kobold come into view.
The hobgoblin shouts! x2; The kobold shouts!
You hear an angry hiss.
The kobold closely misses you.
The hobgoblin throws a poisoned dart.
The poisoned dart hits you!
You are poisoned.
You see here a poisoned dart.
You feel sick.
You take 1 damage, and have 30/31 hp.
You feel sick.
You take 1 damage, and have 29/31 hp.
Aim: a kobold, wielding a +0 short sword The magic dart hits the kobold.
You now have 4/8 mp.
Aim: a kobold, wielding a +0 short sword (moderately wounded)
The magic dart hits the kobold.
You kill the kobold!
You feel sick.
You take 1 damage, and have 28/31 hp.
You now have 3/8 mp.
Aim: a hobgoblin, wielding a +0 club The magic dart hits the hobgoblin but does no damage.
Aim: a hobgoblin, wielding a +0 club The magic dart hits the hobgoblin.
You feel sick.
You take 1 damage, and have 28/31 hp.
You now have 2/8 mp.
Aim: a hobgoblin, wielding a +0 club (severely wounded)
The magic dart hits the hobgoblin.
The hobgoblin throws a poisoned dart.
The poisoned dart hits you!
You are more poisoned.
The hobgoblin barely misses you.
You now have 1/8 mp.
Unknown command.
You barely miss the hobgoblin.
You feel sick.
The hobgoblin throws a poisoned dart.
The poisoned dart barely misses you. The hobgoblin hits you with a +0 club.
You take 4 damage, and have 24/31 hp.
You barely miss the hobgoblin.
You feel sick.
An adder comes into view.
The hobgoblin throws a poisoned dart.
The poisoned dart closely misses you. The hobgoblin hits you with a +0 club.
The hobgoblin throws a poisoned dart.
The poisoned dart hits you.
You are more poisoned.
You take 5 damage, and have 19/31 hp.
The adder hisses angrily.
You hit the hobgoblin but do no damage.
You feel sick. The hobgoblin closely misses you.
The hobgoblin throws a poisoned dart.
The poisoned dart barely misses you.
You take 2 damage, and have 17/31 hp.
You closely miss the hobgoblin.
You feel sick. The hobgoblin barely misses you.
The hobgoblin throws a poisoned dart.
The poisoned dart closely misses you.
You take 1 damage, and have 16/31 hp.
Okay, then.
Unknown command.
You hit the hobgoblin.
You kill the hobgoblin!
You feel sick. The adder bites you but does no damage.
You take 1 damage, and have 15/31 hp.
You feel sick. The adder barely misses you.
You see here a +0 club.
You take 1 damage, and have 14/31 hp.
You feel sick.
The hobgoblin throws a poisoned dart.
The poisoned dart hits you!
You are lethally poisoned!
The adder bites you but does no damage.
You see here a poisoned dart.
You feel sick.
The hobgoblin throws a poisoned dart.
The poisoned dart hits you!
You are more poisoned.
You see here a poisoned dart.
You take 1 damage, and have 13/31 hp.
You feel very sick.
You take 3 damage, and have 10/31 hp.
* * * LOW HITPOINT WARNING * * *
You feel sick.
You take 2 damage, and have 8/31 hp.
* * * LOW HITPOINT WARNING * * *
You feel sick.
The hobgoblin throws a poisoned dart.
The poisoned dart hits you!
You are more poisoned.
The adder barely misses you.
You see here a poisoned dart.
You take 2 damage, and have 6/31 hp.
* * * LOW HITPOINT WARNING * * *
You feel sick.
You take 2 damage, and have 4/31 hp.
* * * LOW HITPOINT WARNING * * *
You feel sick.
There is a stone staircase leading up here.
You take 2 damage, and have 2/31 hp.
You die...

.......#)#.#
.#
...g...#().##
.#
...g..###((.##
.# ......
###g.###.#
......
#..##..# .....
##.....# .....
#####.(#.(##
........S<..#
####....@รท..#
#........#
#........#
#..........
#######......
......#
......#
#######


You could see an adder and a hobgoblin.

Vanquished Creatures
  An ooze (D:1)
  A leopard gecko (D:2)
  A giant cockroach (D:1)
  6 goblins (D:1)
  2 hobgoblins
  5 jackals (D:1)
  5 kobolds
  4 bats
  A frilled lizard (D:1)
  5 rats (D:1)
31 creatures vanquished.

Notes
Turn   | Place    | Note
-------+----------+-------------------------------------------
     0 | D:1      | mhoghedin the Ogre Wizard began the quest for the Orb.
     0 | D:1      | Reached XP level 1. HP: 16/16 MP: 5/5
    13 | D:1      | Reached skill level 1 in Conjurations
   244 | D:1      | Reached XP level 2. HP: 12/24 MP: 0/6
   251 | D:1      | HP: 6/24 [jackal (2)]
   260 | D:1      | Reached skill level 4 in Spellcasting
   293 | D:1      | HP: 6/24 [jackal (2)]
   746 | D:1      | Learned a level 2 spell: Blink
   750 | D:1      | Learned a level 2 spell: Call Imp
   767 | D:1      | Reached XP level 3. HP: 31/31 MP: 5/8
   909 | D:1      | Reached skill level 2 in Conjurations
  1247 | D:2      | HP: 6/31 [poisoned by a hobgoblin]
  1249 | D:2      | HP: 2/31 [poisoned by a hobgoblin]
  1250 | D:2      | Succumbed to a hobgoblin's poison

Levels and vault maps discovered:
D:1:      dpeg_arrival_chase, layout_basic
D:2:      layout_rooms

Skill      XL: |  1  2  3 |
---------------+----------+-----
Conjurations   | 1 2 |  2.1
Spellcasting   | 4 |  4.4
Dodging        | |  1.7
Stealth        | |  1.4
Summonings     | |  0.8
Translocations | |  0.8

Action                   || total
-------------------------++-------
Melee: Whip              ||    37
 Cast: Magic Dart        ||    48
  Use: Scroll            ||     3
  Eat: Chunk             ||     1
Armor: Robe              ||    11
Dodge: Dodged            ||    41

Table legend:
 A = Non-vault XP
 B = Vault XP
 C = Vault XP percentage of total XP
 D = Non-vault monster count
 E = Vault monster count
 F = Vault count percentage of total count
                 A         B        C        D         E       F
            +---------+---------+-------+---------+---------+-------
      Total |      54 |       0 |   0.0 |      31 |       0 |   0.0
            +---------+---------+-------+---------+---------+-------
        D:1 |      43 |       0 |   0.0 |      25 |       0 |   0.0
        D:2 |      11 |       0 |   0.0 |       6 |       0 |   0.0
            +---------+---------+-------+---------+---------+-------

Levels and vault maps discovered:
D:1:      dpeg_arrival_chase, layout_basic
D:2:      layout_rooms

Table legend:
 A = Turns spent in this place as a percentage of turns spent in the entire game.
 B = Non-inter-level travel turns spent in this place as a percentage of non-inter-level travel turns spent in the entire game.
 C = Inter-level travel turns spent in this place as a percentage of turns spent in this place.
 D = Turns resting spent in this place as a percentage of non-inter-level travel turns spent in this place.
 E = Turns spent auto-exploring this place as a percentage of non-inter-level travel turns spent in this place.
 F = Non-inter-level travel turns spent in this place divided by the number of levels of this place that you've seen.
                   A       B       C       D       E      F
               +-------+-------+-------+-------+-------+----------------------
         Total | 100.0 | 100.0 |   2.9 |  37.0 |  47.4 | 607.0
       Dungeon | 100.0 | 100.0 |   2.9 |  37.0 |  47.4 | 607.0
               +-------+-------+-------+-------+-------+----------------------

Table legend:
 A = Kills in this place as a percentage of kills in entire the game.
 B = Kills by you in this place as a percentage of kills by you in the entire game.
 C = Kills by friends in this place as a percentage of kills by friends in the entire game.
 D = Other kills in this place as a percentage of other kills in the entire game.
 E = Experience gained in this place as a percentage of experience gained in the entire game.
 F = Experience gained in this place divided by the number of levels of this place that you have seen.
                   A       B       C       D       E      F
               +-------+-------+-------+-------+-------+----------------------
         Total | 100.0 | 100.0 |   N/A |   N/A | 100.0 |  27.0
       Dungeon | 100.0 | 100.0 |   N/A |   N/A | 100.0 |  27.0
               +-------+-------+-------+-------+-------+----------------------
